 Dungeon Crawl Stone Soup version 0.32-a0-612-g1c984fe9d1 (webtiles) character file.

Game seed: 4845857194900912101

461566 tilp the Maledictor (level 23, 0/159 HPs)
             Began as a Vampire Enchanter on Mar 1, 2024.
             Was the Champion of Wu Jian.
             Slain by an Executioner (5 damage)
             ... on level 3 of the Abyss on Mar 4, 2024.
             The game lasted 03:33:35 (77528 turns).

tilp the Maledictor (Vampire Enchanter)            Turns: 77528, Time: 03:33:35

Health: 0/159      AC: 19    Str:  0    XL:     23   Next: 37%
Magic:  10/30      EV: 18    Int: 38    God:    Wu Jian [******]
Gold:   268        SH:  9    Dex: 18    Spells: 3/44 levels left

rFire   + + .        b - +7 captain's cutlass {speed, disarm}
rCold   + + .        M - +3 buckler "Olu Goje" {rPois Str-3 Int+3 Dex+3}
rNeg    . . .        n - +3 leather armour {rC+ rF+}
rPois   +            J - +2 helmet "Jualethru" {Will+}
rElec   .            T - +2 cloak {Stlth+}
rCorr   .            c - +3 pair of gauntlets of War {Slay+5}
SInv    +            k - +2 pair of boots {rampage}
Will    +++++        V - amulet of Yppoudd {Acrobat rF+ rC+ Will+++}
Stlth   ++++++++     K - +5 ring of evasion
HPRegen 0.00/turn    d - ring "Iquff" {Will+ Int+7}
MPRegen 0.22/turn

%: acrobat, rampage
@: healing quickly, hasted and slowed, lost strength, studying 2 skills, unable
to read
A: alive, fangs 3, see invisible, vampiric 2, [deformed body], [deterioration
2], [frail 2], [low MP 2], [screaming 2], ([teleportitis 2]), [weak 2],
[inability to drink after injury 2], [inability to read after injury 2],
[persistent drain]
}: 2/15 runes: decaying, gossamer
a: Exsanguinate, Renounce Religion, Wall Jump, Serpent's Lash, Heavenly Storm


You were on level 3 of the Abyss.
You worshipped Wu Jian.
Wu Jian was exalted by your worship.
You visited 9 branches of the dungeon, and saw 42 of its levels.
You visited the Abyss 1 time.
You visited 1 bazaar.
You also visited: Sewer, Gauntlet and Ice Cave.

You collected 6287 gold pieces.
You spent 6019 gold pieces at shops.

Inventory:

Hand Weapons
 a - a +9 dagger of freezing
 b - the +7 captain's cutlass (weapon) {speed, disarm}
   (You bought it in a shop on level 2 of the Orcish Mines)
 E - a +4 demon blade of flaming
Missiles
 h - 3 throwing nets
 p - 7 javelins
 q - 8 silver javelins
 x - 37 boomerangs (quivered)
 F - 4 curare-tipped darts {!f}
 Q - 8 poisoned darts
Armour
 c - the +3 pair of gauntlets of War (worn) {Slay+5}
   (You bought it in a shop on level 1 of the Vaults)

   Slay+5:    It affects your accuracy & damage with ranged weapons and melee
   (+5).
 k - a +2 pair of boots of rampaging (worn)
 n - a +3 leather armour of resistance (worn)
 v - the +0 helmet of the Pure Jumping Tusks {Rampage rCorr MP+9 Slay+2}
   (You found it on level 1 of the Elven Halls)

   Slay+2:    It affects your accuracy & damage with ranged weapons and melee
   (+2).
   MP+9:      It affects your magic capacity (+9).
   rCorr:     It protects you from acid and corrosion.
   Rampage:   It bestows one free step when moving towards enemies.
 J - the +2 helmet "Jualethru" (worn) {Will+}
   (You found it on level 15 of the Dungeon)

   Will+:     It increases your willpower.
 M - the +3 buckler "Olu Goje" (worn) {rPois Str-3 Int+3 Dex+3}
   (You bought it in a shop on level 4 of the Dungeon)

   Str-3:     It affects your strength (-3).
   Int+3:     It affects your intelligence (+3).
   Dex+3:     It affects your dexterity (+3).
   rPois:     It protects you from poison.
 T - a +2 cloak of stealth (worn)
Jewellery
 d - the ring "Iquff" (right hand) {Will+ Int+7}
   (You acquired it on level 14 of the Dungeon)

   [ring of willpower]

   Int+7:     It affects your intelligence (+7).
   Will+:     It increases your willpower.
 z - the amulet of Butchery {Reflect rPois SH+5}
   (You took it off a deep elf pyromancer on level 3 of the Elven Halls)

   [amulet of reflection]

   Reflect:   It reflects blocked missile attacks.
   rPois:     It protects you from poison.
   SH+5:      It affects your SH (+5).
 K - a +5 ring of evasion (left hand)
 V - the amulet of Yppoudd (around neck) {Acrobat rF+ rC+ Will+++}
   (You took it off a deep elf sorcerer on level 2 of the Elven Halls)

   [amulet of the acrobat]

   Acrobat:   It increases your evasion while moving and waiting.
   rF+:       It protects you from fire.
   rC+:       It protects you from cold.
   Will+++:   It greatly increases your willpower.
Wands
 e - a wand of charming (28)
 s - a wand of flame (115)
 w - a wand of polymorph (22)
 y - a wand of digging (21)
 G - a wand of light (26)
 I - a wand of mindburst (21)
 Z - a wand of iceblast (46)
Scrolls
 j - 7 scrolls of fog
 r - 4 scrolls of revelation
 t - 4 scrolls of blinking
 D - 10 scrolls of teleportation
 H - 2 scrolls of summoning
 L - 5 scrolls of fear
 O - 3 scrolls of poison
 Y - 4 scrolls of vulnerability
Potions
 f - 13 potions of enlightenment
 g - 4 potions of ambrosia
 i - 17 potions of curing
 l - 5 potions of lignification
 m - 5 potions of resistance
 o - 3 potions of cancellation
 u - 7 potions of mutation
 A - 7 potions of haste
 C - 9 potions of heal wounds
 P - 4 potions of invisibility
 X - a potion of magic
Miscellaneous
 B - a sack of spiders (inert)
 N - a phantom mirror (inert)
 R - a condenser vane (inert)
 S - a phial of floods (inert)
 U - a lightning rod (3/4)


   Skills:
 + Level 20.9 Fighting
 - Level 14.0(14.8) Short Blades
 + Level 7.3(11.0) Long Blades
 + Level 2.2 Throwing
 + Level 5.3 Armour
 + Level 16.8 Dodging
 - Level 20.0 Stealth
 - Level 8.0 Shields
 - Level 11.0 Spellcasting
 - Level 2.0 Conjurations
 - Level 22.0 Hexes
 - Level 2.0 Ice Magic
 - Level 2.0 Alchemy
 - Level 16.0 Evocations


You had 3 spell levels left.
You knew the following spells:

 Your Spells              Type           Power      Damage    Failure   Level
a - Ensorcelled Hibernat  Hex/Ice        100%       N/A       1%          2
b - Confusing Touch       Hex            100%       N/A       0%          3
c - Tukima's Dance        Hex            100%       N/A       0%          3
d - Dazzling Flash        Conj/Hex       100%       N/A       1%          3
e - Yara's Violent Unrav  Hex/Alch       42%        3d17      3%          5
f - Enfeeble              Hex            56%        N/A       1%          7
g - Silence               Hex/Air        40%        N/A       4%          5
h - Discord               Hex            56%        N/A       12%         8
i - Summon Mana Viper     Hex/Summ       81%        N/A       4%          5

Your spell library contained the following spells:

 Spells                   Type           Power      Damage    Failure   Level
 Foxfire                  Conj/Fire      100%       2x1d9     10%         1
 Summon Small Mammal      Summ           80%        N/A       16%         1
 Mercury Vapours          Alch/Air       56%        N/A       16%         2
 Momentum Strike          Conj/Tloc      56%        3d9       16%         2
 Hailstorm                Conj/Ice       36%        3d9       21%         3
 Ozocubu's Armour         Ice            36%        N/A       21%         3
 Blink                    Tloc           40%        N/A       22%         2
 Call Imp                 Summ           40%        N/A       22%         2
 Lesser Beckoning         Tloc           40%        N/A       22%         2
 Sublimation of Blood     Necr           20%        N/A       22%         2
 Mephitic Cloud           Conj/Alch/Air  31%        N/A       26%         3
 Summon Ice Beast         Ice/Summ       28%        N/A       30%         3
 Call Canine Familiar     Summ           20%        N/A       41%         3
 Fugue of the Fallen      Necr           20%        N/A       41%         3
 Gell's Gravitas          Tloc           20%        N/A       41%         3
 Teleport Other           Tloc           20%        N/A       41%         3
 Volatile Blastmotes      Fire/Tloc      40%        2d13      41%         3
 Anguish                  Hex/Necr       40%        N/A       1%          4
 Cause Fear               Hex            56%        N/A       1%          4
 Dimensional Bullseye     Hex/Tloc       40%        N/A       1%          4
 Fulminant Prism          Conj/Alch      18%        3d11      54%         4
 Olgreb's Toxic Radiance  Alch           36%        N/A       54%         4
 Iskenderun's Mystic Bla  Conj/Tloc      28%        2d7       69%         4
 Leda's Liquefaction      Alch/Erth      14%        N/A       69%         4
 Petrify                  Alch/Erth      28%        N/A       69%         4
 Animate Armour           Summ/Erth      40%        N/A       83%         4
 Manifold Assault         Tloc           20%        N/A       83%         4
 Passage of Golubria      Tloc           20%        N/A       83%         4
 Summon Blazeheart Golem  Fire/Summ      20%        N/A       83%         4
 Summon Lightning Spire   Summ/Air       20%        N/A       83%         4
 Vhi's Electric Charge    Tloc/Air       40%        N/A       83%         4
 Alistair's Intoxication  Alch           24%        N/A       88%         5
 Irradiate                Conj/Alch      18%        3d17      88%         5
 Freezing Cloud           Conj/Ice/Air   15%        6-21      94%         5
 Arcjolt                  Conj/Air       14%        1d24      95%         5
 Borgnjor's Vile Clutch   Necr/Erth      10%        N/A       99%         5
 Lee's Rapid Deconstruct  Erth           10%        3d8*      99%         5
 Summon Forest            Summ/Tloc      10%        N/A       99%         5
 Bombard                  Conj/Erth      14%        9d3       100%        6
 Dispersal                Tloc           10%        N/A       100%        6
 Eringya's Noxious Bog    Alch           18%        4d6       100%        6
 Plasma Beam              Fire/Air       10%        2x1d21    100%        6
 Sculpt Simulacrum        Ice/Alch       18%        N/A       100%        6
 Summon Cactus Giant      Summ           10%        N/A       100%        6
 Monstrous Menagerie      Summ           10%        N/A       100%        7
 Ozocubu's Refrigeration  Ice            18%        4d11      100%        7
 Summon Hydra             Summ           10%        N/A       100%        7
 Lehudib's Crystal Spear  Conj/Erth      14%        10d5      100%        8


Dungeon Overview and Level Annotations

Branches:
Dungeon (15/15)            Temple (1/1) D:6            Lair (5/5) D:9
  Swamp (4/4) Lair:2       Spider (4/4) Lair:3        Slime (0/5) Lair:5
    Orc (2/2) D:11            Elf (3/3) Orc:2        Vaults (4/5) D:14
  Crypt (0/3) Vaults:3     Depths (4/4) D:15            Zot (0/5) Depths:4
  Sewer (visited)           IceCv (visited)         Gauntlet (visited)

Altars:
Ashenzari
Cheibriados
Dithmenos
Fedhas
Gozag
Hepliaklqana
Kikubaaqudgha
Makhleb
Nemelex Xobeh
Okawaru
Qazlal
Ru
Sif Muna
Trog
Uskayaw
Vehumet
Wu Jian
Xom
Yredelemnul
Beogh
Jiyva

Shops:
D:4 [*   D:11 [   Orc:1 :   Orc:2 (*((   Vaults:1 *(*:   Vaults:2 *
Vaults:3 !   Depths:2 [   Depths:4 =::

Portals:
Hell: Depths:1 Depths:2 Depths:3* Depths:4
Abyss: Depths:3
Pandemonium: Depths:2
Ziggurat: Depths:1

Annotations:
Swamp:1 2 transporters (zot trap gauntlet)
Elf:2 3 runed translucent doors
Depths:2 3 runed translucent doors, Jymib's ghost, veteran DgCj


Innate Abilities, Weirdness & Mutations

Your natural rate of healing is accelerated.
You have razor-sharp teeth.
You have supernaturally acute eyesight. (SInv)
You are afflicted with vampirism and can become a bat while bloodless.
[Armour fits poorly on your strangely shaped body.]
[Your body often deteriorates upon taking damage.]
[You are very frail. (-20% HP)]
[Your magical capacity is very low. (-20% MP)]
[You frequently scream uncontrollably at your foes.]
[((You are often teleported next to monsters.))]
[You are very weak. (Str -4)]
[You sometimes lose the ability to drink potions when taking damage.]
[You sometimes lose the ability to read scrolls when taking damage.]
[Your health recovers twice as slowly from being drained.]


Message History

You block the Executioner's attack. x2
The Executioner hits you but does no damage. x3
The Executioner hits you.
* * * LOW HITPOINT WARNING * * *
The Executioner hits you.
* * * LOW HITPOINT WARNING * * *
The Executioner hits you but does no damage.
The Executioner barely misses you.
Unknown command.
Unknown command.
Unknown command.
Unknown command.
Your +9 dagger of freezing stops glowing.
Your hands tingle!
b - the +7 captain's cutlass (weapon)
{speed, disarm} The Executioner hits you but does no damage. x2
The Executioner closely misses you.
Unknown command.
You miss the Executioner. The Executioner hits you.
* * * LOW HITPOINT WARNING * * *
You block the Executioner's attack. x2
The Executioner hits you but does no damage. x2
The Executioner hits you.
* * * LOW HITPOINT WARNING * * *
Unknown command.
Unknown command.
You puncture the Executioner!
You bite the Executioner, but do no damage.
The Executioner is moderately wounded.
The Executioner hits you!
* * * LOW HITPOINT WARNING * * *
The Executioner barely misses you. The Executioner completely misses you.
Unknown command.
Unknown command.
You puncture the Executioner! You bite the Executioner.
The Executioner is heavily wounded.
You block the Executioner's attack.
The Executioner hits you but does no damage.
The Executioner hits you.
You die...

.. .# # #
# ..#.# #
#....###
. ##
#..#. ..
#.#.#..#
.
###*#....
#@1#. #.
# #####
#...# ##
#.### # *
..#
##...##
##...##
##...#
##..#ยง
...#


You could see a wretched star and an Executioner (fast).

Vanquished Creatures
  Frederick (Vaults:3)
  2 juggernauts
  2 caustic shrikes (Depths:2)
  Margery (Depths:4)
  2 golden dragons
  Nikola (Spider:4)
  Jory (Depths:4)
  2 walking crystal tomes (Depths:2)
  2 tentacled monstrosities (Depths:2)
  7 liches
  3 deep elf blademasters
  A quicksilver dragon (Depths:2)
  A titan (Depths:2)
  Asterion (Spider:2)
  2 walking divine tomes
  2 deep elf master archers (Elf:3)
  An ancient champion (Depths:3)
  Agnes (Elf:1)
  6 sphinxes
  4 tengu reavers
  A tentacled starspawn (Abyss:2)
  Donald (Swamp:2)
  2 shadow dragons (Depths:3)
  An azure jelly (Swamp:4)
  A storm dragon (Depths:4)
  A fenstrider witch (Swamp:4)
  5 frost giants
  A balrug (Depths:3)
  7 deep elf sorcerers
  2 fire giants (Depths:4)
  Louise (Spider:1)
  17 vault wardens
  4 emperor scorpions
  The ghost of TwilightOfTheIdols the Eclecticist, an adept DrNe of Sif Muna (Spider:1)
  2 orc warlords (Vaults:4)
  3 ghost moths
  18 ironbound preservers
  19 very ugly things
  A draconian stormcaller (Depths:4)
  A spriggan defender (Depths:1)
  8 stone giants
  5 ironbound thunderhulks
  5 broodmothers
  A vampire knight (Depths:2)
  A formless jellyfish (Vaults:4)
  2 war gargoyles
  12 deep elf death magi
  A deep elf demonologist (Elf:3)
  An eleionoma (Swamp:3)
  A green draconian (Depths:4)
  14 dire elephants
  7 deep elf annihilators (Elf:3)
  A minotaur (Gauntlet)
  4 spark wasps
  A white draconian (Depths:4)
  2 yellow draconians (Depths:4)
  The ghost of Xahacwic the Fighter, a journeyman MiFi of Trog (D:13)
  The ghost of Filo the Skirmisher, a journeyman DsCK of Xom (D:15)
  The ghost of Mll the Fighter, a journeyman MiFi of Okawaru (D:12)
  A merfolk javelineer (Depths:1)
  A bunyip (Swamp:3)
  5 crystal guardians
  3 ettins
  4 deep elf high priests
  10 yaktaur captains
  7 fire dragons
  3 merfolk impalers (Depths:1)
  2 shambling mangroves
  A hell beast (Depths:3)
  10 ice dragons
  7 entropy weavers
  10 great orbs of eyes
  A jorogumo (Spider:2)
  9 vault guards
  A peacekeeper (Vaults:4)
  4 caustic shrike simulacra (IceCv)
  2 spriggan air magi
  3 rakshasas
  A catoblepas (Lair:4)
  7 ironbound frosthearts
  A merfolk avatar (Lair:5)
  4 radroaches
  12 hydras
  2 ghost crabs (Swamp:2)
  17 centaur warriors
  A death knight (D:14)
  15 dancing weapons
  4 two-headed ogres
  8 alligators
  4 deep troll shamans
  5 deep troll earth magi
  A death yak (Lair:2)
  A vampire mage (Depths:3)
  9 boulder beetles
  A thrashing horror (Abyss:2)
  3 orc high priests (Orc:2)
  15 tengu warriors
  A death scarab (Spider:2)
  6 demonic crawlers
  Nergalle (D:11)
  4 spriggan berserkers
  6 hell knights
  15 spriggans
  11 deep elf knights
  A soul eater (Depths:2)
  A spatial maelstrom (Abyss:3)
  2 skysharks (Lair:5)
  9 iron trolls
  8 skeletal warriors
  4 wretched stars
  4 pharaoh ants
  4 goliath frogs
  A spectral spark wasp (Depths:3)
  The ghost of casual the Cleaver, a novice CoMo of Cheibriados (D:6)
  6 orb spiders
  4 arcanists
  A quicksilver dragon simulacrum (Depths:3)
  4 glowing orange brains
  4 spriggan simulacra (IceCv)
  31 deep trolls
  4 bog bodies
  4 spriggan druids (Swamp:2)
  11 deep elf archers
  Pikel (D:4)
  16 lindwurms
  2 swamp dragons
  13 ironbound convokers
  5 harpies
  22 deep elf zephyrmancers
  2 phantasmal warriors (D:14)
  2 necromancers
  An orange crystal statue (D:13)
  13 cyclopes
  8 orc knights
  5 manticores
  5 steelbarb worms
  A thermic dynamo (Elf:3)
  29 wolf spiders
  25 deep elf pyromancers
  32 elephants
  4 oklob plants (Lair:5)
  3 will-o-the-wisps (Swamp:4)
  5 orc sorcerers
  40 ugly things
  A worldbinder (Abyss:3)
  A moth of wrath (Spider:4)
  2 kobold blastminers (Orc:1)
  13 vault sentinels
  Joseph (D:8)
  A black mamba (shapeshifter) (D:15)
  An ice statue (Swamp:1)
  2 smoke demons (Abyss:3)
  An eye of devastation (shapeshifter) (D:15)
  6 black mambas
  A guardian serpent (shapeshifter) (D:14)
  11 cane toads
  4 torpor snails
  A gargoyle (D:14)
  A hellion (Gauntlet)
  4 large abominations
  31 yaktaurs
  3 rime drakes
  3 efreet (D:14)
  2 unseen horrors
  19 freezing wraiths
  2 minotaur zombies (Gauntlet)
  6 tengu conjurers
  2 anaconda simulacra (IceCv)
  7 komodo dragons
  A polar bear (Lair:5)
  A golden dragon simulacrum (IceCv)
  3 trolls
  A bloated husk (Swamp:2)
  A wind drake (Lair:5)
  4 hellwings
  Grinder (D:4)
  6 tyrant leeches
  Prince Ribbit (D:5)
  5 alligator simulacra (IceCv)
  A glass eye (Depths:3)
  17 hornets
  18 blink frogs
  23 tarantellas
  A raiju (shapeshifter) (Abyss:3)
  6 dream sheep
  Sigmund (D:3)
  28 jumping spiders
  34 slime creatures
  2 air elementals
  27 culicivoras
  3 centaur simulacra
  6 water elementals
  A shadow (Abyss:1)
  2 wraiths
  3 vampires
  2 ynoxinuls (Abyss:1)
  Eustachio (D:5)
  3 wyverns
  3 dire elephant simulacra (IceCv)
  9 basilisks
  2 fire elementals (Elf:1)
  9 vampire mosquitoes
  2 wargs
  83 yaks
  3 humans (D:14)
  46 redbacks
  Grum (D:8)
  A steam dragon (D:8)
  2 swamp worm simulacra (Swamp:4)
  Menkaure (D:4)
  A minotaur simulacrum (IceCv)
  2 spatial vortices (Abyss:3)
  2 acid dragons
  Edmund (D:5)
  5 harpy simulacra
  A swamp worm (shapeshifter) (Depths:4)
  14 swamp worms
  14 water moccasins
  17 hydra simulacra
  2 swamp drakes
  14 orc warriors
  A black bear (D:9)
  2 sky beasts
  6 laughing skulls
  4 ogres
  2 tengu (shapeshifter)
  7 wolves
  2 ettin simulacra (IceCv)
  A lemure (D:4)
  A centaur (shapeshifter) (D:15)
  11 centaurs
  A kobold brigand (D:7)
  A brain worm (Abyss:3)
  12 bullfrogs
  A scorpion (D:4)
  2 earth elementals
  7 small abominations
  A deep troll simulacrum (IceCv)
  5 lindwurm simulacra (IceCv)
  9 howler monkeys
  3 bombardier beetles (D:4)
  3 lava snakes (D:13)
  A quasit (Abyss:1)
  A hound (D:7)
  A jelly (D:7)
  20 orc priests
  A wyvern simulacrum (Gauntlet)
  An iron imp (D:4)
  7 iguanas
  Terence (D:3)
  Jessica (D:3)
  A gnoll bouda (Lair:3)
  21 orc wizards
  7 hell rats
  5 gnolls (D:3)
  6 adders
  3 river rats (Sewer)
  A shadow imp (D:7)
  2 white imps
  6 swamp drake simulacra (Swamp:4)
  2 ufetubi (D:6)
  2 dart slugs
  3 ribbon worms
  83 orcs
  11 bats
  6 endoplasms
  2 giant cockroaches (D:3)
  3 goblins
  6 hobgoblins
  4 jackals (D:3)
  9 kobolds
  5 quokkas
  12 ball pythons
  6 frilled lizards
  12 rats
  A lurking horror (Abyss:1)
1677 creatures vanquished.

Vanquished Creatures (collateral kills)
  A hellephant (Depths:4)
  A tentacled monstrosity (Depths:3)
  A fire giant (Vaults:2)
  3 vault wardens
  2 frost giants (Depths:3)
  A broodmother (Spider:4)
  Snorg (D:14)
  A yaktaur captain (Vaults:3)
  A deep elf high priest (Elf:1)
  A peacekeeper (Vaults:3)
  A centaur warrior (D:13)
  A death knight (D:15)
  A dancing weapon (Elf:1)
  2 orc high priests (Orc:2)
  A tengu warrior (Depths:2)
  A deep elf knight (Elf:1)
  A pharaoh ant (Spider:4)
  An ironbound convoker (Vaults:3)
  A thermic dynamo (Elf:1)
  2 orc knights
  2 harpies (Vaults:1)
  A will-o-the-wisp (Swamp:3)
  A kobold blastminer (Orc:1)
  A vault sentinel (Vaults:1)
  3 yaktaurs
  A hornet (Depths:4)
  A slime creature (Vaults:2)
  A spriggan (Depths:4)
  A swamp worm (Swamp:3)
  7 orc warriors
  An ogre (Orc:1)
  2 centaurs (D:13)
  4 orc priests (Orc:2)
  A river rat (Sewer)
  5 orcs
  2 rats (Sewer)
59 creatures vanquished.

Vanquished Creatures (others)
  A deep elf high priest (Elf:3)
  A hydra (Swamp:1)
  12 dancing weapons
  3 deep elf knights
  A pharaoh ant (Spider:4)
  A deep elf archer (Elf:1)
  3 deep elf pyromancers
  A bloated husk (Swamp:1)
  A tarantella (Spider:2)
  A water elemental (Elf:2)
  An orc wizard (D:11)
  An orc (D:12)
  24 foxfires
  6 starspawn tentacles (Abyss:2)
57 creatures vanquished.

Grand Total: 1793 creatures vanquished

Notes
Turn   | Place    | Note
-------+----------+-------------------------------------------
     0 | D:1      | tilp the Vampire Enchanter began the quest for the Orb.
     0 | D:1      | Reached XP level 1. HP: 13/13 MP: 3/3
   252 | D:1      | Reached XP level 2. HP: 20/20 MP: 5/5
   255 | D:1      | Learned a level 2 spell: Ensorcelled Hibernation
   787 | D:1      | Reached skill level 1 in Fighting
   914 | D:2      | Gained mutation: You are afflicted with vampirism and can
                  | become a bat while bloodless. [Vampire growth]
   914 | D:2      | Reached XP level 3. HP: 26/26 MP: 6/6
   918 | D:2      | Learned a level 3 spell: Confusing Touch
  1286 | D:2      | Found a faded altar of an unknown god.
  1479 | D:3      | Noticed Jessica
  1488 | D:3      | Killed Jessica
  1489 | D:3      | Reached XP level 4. HP: 32/32 MP: 0/7
  1803 | D:3      | Reached skill level 5 in Hexes
  1803 | D:3      | Reached skill level 1 in Ice Magic
  1879 | D:3      | Reached skill level 5 in Stealth
  2180 | D:3      | Noticed Terence
  2189 | D:3      | Killed Terence
  2190 | D:3      | Reached XP level 5. HP: 36/38 MP: 1/8
  2399 | D:3      | Noticed Sigmund
  2407 | D:3      | Killed Sigmund
  2408 | D:3      | Reached XP level 6. HP: 39/46 MP: 1/10
  3021 | D:4      | Found Qekeinte's General Store.
  3078 | D:4      | Learned a level 3 spell: Tukima's Dance
  3086 | D:4      | Reached XP level 7. HP: 40/51 MP: 0/11
  3245 | D:4      | Found a snail-covered altar of Cheibriados.
  3258 | D:4      | Noticed Menkaure
  3290 | D:4      | Killed Menkaure
  3291 | D:4      | Reached skill level 6 in Hexes
  3339 | D:4      | Bought a scroll of summoning for 133 gold pieces
  3369 | D:4      | Found Qaso's Antique Armour Shoppe.
  3430 | D:4      | Found a burning altar of Makhleb.
  3572 | D:4      | Noticed Grinder
  3726 | D:4      | Noticed Pikel
  3872 | D:4      | Killed Grinder
  4225 | D:4      | Killed Pikel
  4226 | D:4      | Reached skill level 5 in Short Blades
  4226 | D:4      | Reached XP level 8. HP: 56/61 MP: 8/13
  4289 | D:4      | Found Qekeinte's General Store.
  4298 | D:4      | Found a snail-covered altar of Cheibriados.
  4328 | D:4      | Found Qaso's Antique Armour Shoppe.
  4349 | D:4      | Reached skill level 7 in Hexes
  4429 | D:4      | Found a burning altar of Makhleb.
  4754 | D:4      | Bought a scroll of identify for 28 gold pieces
  4767 | D:5      | Entered Level 5 of the Dungeon
  4928 | D:5      | Noticed Edmund
  4945 | D:5      | Killed Edmund
  5006 | D:5      | Found a glowing drain.
  5041 | Sewer    | Entered a sewer
  5306 | D:5      | Noticed Prince Ribbit
  5317 | D:5      | Killed Prince Ribbit
  5318 | D:5      | Reached skill level 5 in Fighting
  5697 | D:5      | Noticed Eustachio
  5707 | D:5      | Killed Eustachio
  5708 | D:5      | Reached XP level 9. HP: 68/68 MP: 15/15
  5724 | D:5      | Learned a level 3 spell: Dazzling Flash
  6029 | D:6      | Found a staircase to the Ecumenical Temple.
  6045 | Temple   | Entered the Ecumenical Temple
  6259 | D:6      | Found a runed translucent gate.
  6259 | D:6      | Found a runed translucent gate.
  6259 | D:6      | Found a runed translucent gate.
  6260 | D:6      | Found an opulent altar of Gozag.
  6261 | D:6      | Noticed casual's ghost (novice CoMo)
  7017 | D:7      | Found a shimmering blue altar of Sif Muna.
  7017 | D:7      | Found a sparkling altar of Nemelex Xobeh.
  7150 | D:7      | Identified the +2 plate armour of Resilience {rCorr}
  7359 | D:7      | Reached skill level 1 in Evocations
  7755 | D:7      | Reached skill level 1 in Conjurations
  7755 | D:7      | Reached skill level 8 in Hexes
  8083 | D:8      | Noticed a tengu conjurer
  8097 | D:8      | Killed a tengu conjurer
  8179 | D:8      | Found an ornate altar of the Wu Jian Council.
  8185 | D:8      | Became a worshipper of the Wu Jian Council
  8367 | D:8      | Noticed Joseph
  8378 | D:8      | Reached skill level 5 in Spellcasting
  8397 | D:8      | Killed Joseph
  8398 | D:8      | Reached XP level 10. HP: 38/76 MP: 3/17
  8516 | D:8      | Noticed Grum
  8664 | D:8      | Reached skill level 10 in Stealth
  8782 | D:8      | Killed Grum
  8878 | D:8      | Reached skill level 10 in Short Blades
  9125 | D:8      | Found an iron altar of Okawaru.
  9126 | D:8      | Found a blossoming altar of Fedhas.
  9535 | D:9      | Upgraded the game from 0.32-a0-558-g233958a4c4 to
                  | 0.32-a0-589-g2d1f746d5d
  9610 | D:9      | Found a staircase to the Lair.
  9610 | D:9      | Noticed an elephant
  9631 | D:9      | Killed an elephant
 10050 | D:9      | Reached skill level 5 in Dodging
 10110 | D:9      | Reached * piety under Wu Jian
 10221 | D:9      | Reached XP level 11. HP: 80/85 MP: 2/18
 10518 | D:10     | Entered Level 10 of the Dungeon
 10715 | D:10     | Found a hazy altar of Hepliaklqana.
 11396 | D:11     | Noticed a two-headed ogre
 11402 | D:11     | Killed a two-headed ogre
 11449 | D:11     | Noticed a green ugly thing
 11452 | D:11     | Killed a green ugly thing
 11515 | D:11     | Reached ** piety under Wu Jian
 11656 | D:11     | Reached skill level 10 in Fighting
 11685 | D:11     | Noticed a white ugly thing
 11690 | D:11     | Killed a white ugly thing
 11724 | D:11     | Reached skill level 1 in Shields
 12299 | D:11     | Noticed Nergalle
 12302 | D:11     | Killed Nergalle
 12302 | D:11     | Reached *** piety under Wu Jian
 12537 | D:11     | Found Haebrod's Antique Armour Shoppe.
 12733 | D:11     | Found a staircase to the Orcish Mines.
 12905 | D:4      | Bought a glimmering buckler for 256 gold pieces
 12905 | D:4      | Identified the +3 buckler "Olu Goje" {rPois Str-3 Int+3
                  | Dex+3} (You bought it in a shop on level 4 of the Dungeon)
 13287 | D:6      | Killed casual's ghost
 13438 | D:11     | Bought a smouldering robe for 193 gold pieces
 13438 | D:11     | Identified the +1 robe "Feahakat" {Dex+3} (You bought it in
                  | a shop on level 11 of the Dungeon)
 13492 | Lair:1   | Entered Level 1 of the Lair of Beasts
 13746 | Lair:1   | Reached XP level 12. HP: 100/100 MP: 19/19
 14635 | Lair:2   | Noticed a four-headed hydra
 14647 | Lair:2   | Killed a four-headed hydra
 14998 | Lair:2   | Noticed a death yak
 15218 | Lair:2   | Found a staircase to the Swamp.
 15580 | Lair:2   | Reached **** piety under Wu Jian
 15609 | Lair:2   | Killed a death yak
 15815 | Lair:2   | Reached skill level 9 in Hexes
 16307 | Lair:3   | Found a hole to the Spider Nest.
 16438 | Lair:3   | Reached XP level 13. HP: 32/109 MP: 8/21
 16616 | Lair:3   | Reached skill level 10 in Hexes
 17456 | Lair:3   | Reached skill level 5 in Evocations
 18425 | Lair:4   | Reached ***** piety under Wu Jian
 18629 | Lair:4   | Reached skill level 11 in Hexes
 18743 | Lair:4   | Reached skill level 10 in Dodging
 19340 | D:11     | Bought a pair of embroidered boots for 255 gold pieces
 19506 | Lair:5   | Entered Level 5 of the Lair of Beasts
 19591 | Lair:5   | Found a staircase to the Slime Pits.
 19966 | Lair:5   | Reached skill level 12 in Hexes
 20377 | Lair:5   | Reached XP level 14. HP: 96/118 MP: 18/24
 21836 | Lair:5   | Identified the +0 trident of Jegh {antimagic, Str+2 Dex+3
                  | SInv}
 22031 | Lair:5   | Found a viscous altar of Jiyva.
 22299 | Orc:1    | Entered Level 1 of the Orcish Mines
 22533 | Orc:1    | Found a roughly hewn altar of Beogh.
 22577 | Orc:2    | Entered Level 2 of the Orcish Mines
 22665 | Orc:2    | Found a gate leading to a gauntlet.
 22680 | Orc:2    | Reached XP level 15. HP: 95/127 MP: 6/26
 22682 | Gauntlet | Entered a Gauntlet
 22682 | Gauntlet | Found a transporter.
 22682 | Gauntlet | Found a transporter.
 22787 | Gauntlet | Found a transporter.
 22791 | Gauntlet | Found a transporter.
 22800 | Gauntlet | Found a transporter.
 22803 | Gauntlet | Found a transporter.
 22811 | Gauntlet | Found a transporter.
 22828 | Gauntlet | Found a transporter.
 22842 | Gauntlet | Found a transporter.
 22846 | Gauntlet | Found a transporter.
 22850 | Gauntlet | Found a runed translucent door.
 22850 | Gauntlet | Found a runed translucent door.
 22854 | Gauntlet | Found a transporter.
 22858 | Gauntlet | Found a transporter.
 23406 | Gauntlet | Found the +4 consecrated labrys {holy, Valiant ^Fragile Fly
                  | SInv}
 23428 | Gauntlet | Reached skill level 15 in Fighting
 23431 | Gauntlet | Got the Compendium of the Final Knives
 23780 | Orc:1    | Found Moiphes's Book Emporium.
 24242 | Orc:2    | Found an iron altar of Okawaru.
 24340 | Orc:2    | Found a staircase to the Elven Halls.
 24876 | Orc:2    | Reached ****** piety under Wu Jian
 25387 | Orc:2    | Found Feazenne's Weapon Shop.
 25390 | Orc:2    | Found Virhy's Weapon Shop.
 25391 | Orc:2    | Found Kiuger's Antique Weapon Shop.
 25392 | Orc:2    | Found Kysemuf's Assorted Antiques.
 25400 | Orc:2    | Bought a potion of heal wounds for 185 gold pieces
 25400 | Orc:2    | Bought a shiny helmet for 277 gold pieces
 25557 | D:11     | Bought a pair of glowing boots for 255 gold pieces
 25857 | D:12     | Found a runed translucent gate.
 25866 | D:12     | Found a runed translucent gate.
 25898 | D:12     | Noticed Mll's ghost (journeyman MiFi)
 26163 | D:12     | Found a runed translucent gate.
 26344 | D:12     | Killed Mll's ghost
 26361 | D:12     | Learned a level 5 spell: Yara's Violent Unravelling
 26450 | D:13     | Reached XP level 16. HP: 139/139 MP: 24/27
 26613 | D:13     | Found a transporter.
 26623 | D:13     | Found a transporter.
 26654 | D:13     | Reached skill level 1 in Alchemy
 26808 | D:13     | Noticed Xahacwic's ghost (journeyman MiFi)
 27343 | D:14     | Noticed Snorg
 27349 | D:14     | Killed Snorg
 28208 | D:14     | Identified the +5 broad axe of Moral Flaws {antimagic, rC+}
 28311 | D:14     | Learned a level 7 spell: Enfeeble
 28317 | D:14     | Identified the +3 plate armour of Too Many Cooks {-Tele
                  | Rampage Int+2}
 28832 | D:14     | Identified a scroll of acquirement
 28833 | D:14     | Acquired the ring "Iquff" {Will+ Int+7}
 29541 | D:14     | Found a gate to the Vaults.
 29563 | D:15     | Entered Level 15 of the Dungeon
 30468 | D:15     | Found a runed translucent gate.
 30468 | D:15     | Found a runed translucent gate.
 30468 | D:15     | Found a runed translucent gate.
 30470 | D:15     | Found an ancient bone altar of Kikubaaqudgha.
 30471 | D:15     | Noticed a lich
 30471 | D:15     | Noticed a lich
 30478 | D:15     | Noticed Filo's ghost (journeyman DsCK)
 30479 | D:15     | Noticed a lich
 30479 | D:15     | Noticed a lich
 30991 | D:15     | Found a staircase to the Depths.
 31033 | D:15     | Learned a level 5 spell: Silence
 31051 | D:15     | Killed a lich
 31051 | D:15     | Killed a lich
 31052 | D:15     | Reached XP level 17. HP: 149/154 MP: 24/28
 31052 | D:15     | Killed Filo's ghost
 31052 | D:15     | Killed a lich
 31052 | D:15     | Killed a lich
 31190 | D:15     | Identified the ring "Toet Ulats" {*Corrode rElec rN+ Dex+3
                  | SInv}
 31208 | D:15     | Identified the +2 helmet "Jualethru" {Will+}
 31487 | D:4      | Bought a pair of gloves for 121 gold pieces
 31695 | Spider:1 | Entered Level 1 of the Spider Nest
 31721 | Spider:1 | Reached skill level 13 in Hexes
 31967 | Spider:1 | Found a runed translucent door.
 31969 | Spider:1 | Noticed Louise
 31972 | Spider:1 | Killed Louise
 32048 | Spider:1 | Noticed TwilightOfTheIdols's ghost (adept DrNe)
 32145 | Spider:1 | Identified the ring "Zaicw" {rN+ Int+6 Dex+3}
 32402 | Spider:1 | Killed TwilightOfTheIdols's ghost
 33901 | Spider:2 | Reached skill level 5 in Shields
 34696 | Spider:3 | Noticed Asterion
 34719 | Spider:2 | Killed Asterion
 35008 | Spider:3 | Identified the +0 ring mail of the Loofah {Rampage rN+
                  | Str-2}
 35240 | Spider:3 | Reached skill level 14 in Hexes
 35497 | Spider:4 | Entered Level 4 of the Spider Nest
 35573 | Spider:4 | Identified the +1 dagger of Law {flame, rCorr Str+2}
 36769 | Spider:4 | Reached XP level 18. HP: 79/162 MP: 17/30
 37293 | Spider:4 | Noticed Nikola
 38636 | D:13     | Killed Xahacwic's ghost
 38701 | D:13     | Identified the +0 glaive of Datokim {holy, rN+}
 38924 | Swamp:1  | Entered Level 1 of the Swamp
 38924 | Swamp:1  | Found a transporter.
 38931 | Swamp:1  | Reached skill level 15 in Stealth
 38955 | Swamp:1  | Reached skill level 15 in Hexes
 38981 | Swamp:1  | Found a glacial archway.
 39152 | IceCv    | Entered an ice cave
 39543 | IceCv    | Reached skill level 10 in Evocations
 39616 | IceCv    | Found an ancient bone altar of Kikubaaqudgha.
 40329 | IceCv    | Noticed a lich
 40359 | IceCv    | Killed a lich
 40640 | IceCv    | Identified the +8 arbalest of Uncomfortable Rashes
                  | {antimagic, Dex+2 SInv}
 40649 | IceCv    | Identified the ring "Verhuv" {rN+ Dex+6 SInv}
 40855 | Swamp:1  | Found a transporter.
 41741 | Swamp:2  | Noticed Donald
 41744 | Swamp:2  | Killed Donald
 41858 | Swamp:2  | Reached skill level 16 in Hexes
 43171 | Swamp:3  | Reached skill level 17 in Hexes
 43448 | Swamp:4  | Entered Level 4 of the Swamp
 44767 | Swamp:4  | Got a decaying rune of Zot
 45277 | Spider:4 | Killed Nikola
 45278 | Spider:4 | Reached skill level 18 in Hexes
 45280 | Spider:4 | Reached XP level 19. HP: 169/169 MP: 32/32
 46013 | Spider:4 | Reached skill level 1 in Armour
 46267 | Spider:4 | Identified the +0 hat "Qiuhor" {Rampage Will+ Int+6 Stlth-}
 46271 | Spider:4 | Got a gossamer rune of Zot
 46723 | Orc:2    | Bought the +7 captain's cutlass {speed, disarm} for 810
                  | gold pieces
 46723 | Orc:2    | Found the +7 captain's cutlass {speed, disarm}
 46819 | Elf:1    | Entered Level 1 of the Elven Halls
 48267 | Vaults:1 | Entered Level 1 of the Vaults
 48371 | Vaults:1 | Found Gablomoo's Weapon Boutique.
 48373 | Vaults:1 | Found Xoataek's Assorted Antiques.
 48425 | Vaults:1 | Found a flickering gateway to a bazaar.
 48455 | Bazaar   | Entered a bazaar
 48528 | Bazaar   | Found Ontuo's General Store.
 48542 | Bazaar   | Found Quymir's Assorted Antiques.
 48556 | Bazaar   | Found Inobemm's Antique Armour Shop.
 48570 | Bazaar   | Found Hevais's Antique Weapon Boutique.
 48584 | Bazaar   | Found Zogyevam's General Store.
 48598 | Bazaar   | Found Jepsam's Distillery.
 48612 | Bazaar   | Found Olicsan's Antique Armour Shop.
 48696 | Bazaar   | Bought a pair of runed gloves for 270 gold pieces
 48772 | Bazaar   | Bought a potion of haste for 60 gold pieces
 48772 | Bazaar   | Bought a potion of heal wounds for 30 gold pieces
 48833 | Bazaar   | Bought a scroll of fear for 68 gold pieces
 49206 | Vaults:1 | Found Neiriupy's Book Shoppe.
 49798 | Vaults:1 | Found Saizul's General Store.
 50681 | Vaults:1 | Identified the ring "Fatzuube" {Ice *Slow rCorr Int+6 SInv}
 50697 | Vaults:1 | Identified the +2 leather armour of a treasure trove
                  | {Regen+ Int+3 Slay-5}
 50698 | Vaults:1 | Identified the +0 ring mail of Inquiry {+Blink Str+3 SInv}
 51490 | Vaults:2 | Reached skill level 19 in Hexes
 51798 | Vaults:2 | Reached XP level 20. HP: 136/176 MP: 20/33
 52102 | Vaults:2 | Found Zoiklynt's Assorted Antiques.
 52148 | Vaults:2 | Reached skill level 10 in Spellcasting
 52210 | Vaults:2 | HP: 3/176 [dire elephant (26)]
 53383 | Vaults:3 | Found a staircase to the Crypt.
 53750 | Vaults:3 | Found Ukeuxt's Distillery.
 53780 | Vaults:3 | Identified the +6 hand axe of the World {freeze, rF+}
 54275 | Vaults:3 | HP: 5/176 [yaktaur captain/bolt (14)]
 54278 | Vaults:3 | Reached skill level 20 in Hexes
 54654 | Vaults:3 | Identified the orb of Nemelex Xobeh's Esteem {light, Int+3
                  | Alchemy}
 54654 | Vaults:3 | Noticed Frederick
 54691 | Vaults:3 | Upgraded the game from 0.32-a0-589-g2d1f746d5d to
                  | 0.32-a0-607-g64ea0e4219
 56866 | Vaults:4 | Reached XP level 21. HP: 109/183 MP: 3/35
 57212 | Vaults:3 | Killed Frederick
 57805 | Elf:1    | Identified the +0 helmet of the Pure Jumping Tusks {Rampage
                  | rCorr MP+9 Slay+2}
 57867 | Elf:1    | You fall into a shaft and drop 1 floor!
 58546 | Elf:1    | Found a shimmering blue altar of Sif Muna.
 59172 | Elf:2    | Found a runed translucent gate.
 59188 | Elf:2    | Found a runed translucent gate.
 59188 | Elf:2    | Found a runed translucent gate.
 59719 | Elf:2    | Noticed Agnes
 60456 | Elf:1    | Killed Agnes
 60774 | Elf:2    | Reached skill level 15 in Dodging
 60783 | Elf:2    | Paralysed by an air elemental for 1 turns
 61362 | Depths:1 | Entered Level 1 of the Depths
 62392 | Depths:1 | Reached skill level 15 in Evocations
 62474 | Depths:1 | Found a blossoming altar of Fedhas.
 62669 | Depths:1 | Found a sparkling altar of Nemelex Xobeh.
 62860 | Depths:1 | Reached skill level 1 in Long Blades
 62895 | Depths:1 | Found a one-way gateway to a ziggurat.
 62895 | Depths:1 | Found a gateway to Hell.
 63254 | Vaults:1 | Bought the +3 pair of gauntlets of War {Slay+5} for 950
                  | gold pieces
 63254 | Vaults:1 | Found the +3 pair of gauntlets of War {Slay+5}
 63318 | Vaults:1 | Identified the +2 pair of boots of Beyond {Harm Dex+4}
 63683 | Depths:2 | Upgraded the game from 0.32-a0-607-g64ea0e4219 to
                  | 0.32-a0-612-g1c984fe9d1
 63701 | Depths:2 | Found a one-way gate leading to the halls of Pandemonium.
 64030 | Depths:2 | Found Aliddual's Armour Boutique.
 64066 | Depths:2 | Found a hide-covered altar of Uskayaw.
 64384 | Depths:2 | Found a runed translucent gate.
 64385 | Depths:2 | Found a runed translucent gate.
 64386 | Depths:2 | Found a runed translucent gate.
 64387 | Depths:2 | Noticed Jymib's ghost (veteran DgCj)
 64609 | Depths:2 | Noticed a caustic shrike
 64636 | Depths:2 | Killed a caustic shrike
 65561 | Depths:2 | Reached XP level 22. HP: 190/190 MP: 34/37
 66371 | Depths:2 | Got the Encyclopedia of Profane Rituals and Solvents
 67224 | Depths:3 | Noticed a caustic shrike
 67238 | Depths:2 | Killed a caustic shrike
 67460 | Depths:3 | Found a one-way gate to the infinite horrors of the Abyss.
 68070 | Depths:3 | Noticed a juggernaut
 68078 | Depths:3 | Killed a juggernaut
 68598 | Depths:3 | Noticed a golden dragon
 68626 | Depths:3 | Killed a golden dragon
 68923 | Depths:3 | Reached skill level 5 in Long Blades
 68923 | Depths:3 | Reached skill level 21 in Hexes
 69150 | Depths:3 | Found a burning altar of Makhleb.
 69763 | Depths:3 | Found a burning altar of Makhleb.
 69971 | Depths:3 | Found a one-way gate to the infinite horrors of the Abyss.
 70166 | Depths:3 | Learned a level 8 spell: Discord
 70182 | Depths:4 | Entered Level 4 of the Depths
 70182 | Depths:4 | Noticed Jory
 70183 | Depths:4 | Killed Jory
 70185 | Depths:4 | Noticed Margery
 70282 | Depths:4 | Noticed a juggernaut
 70303 | Depths:4 | Killed a juggernaut
 70867 | Depths:4 | Killed Margery
 71717 | Depths:4 | Found a stormy altar of Qazlal.
 71754 | Depths:4 | Found Avyarch's Jewellery Shoppe.
 71754 | Depths:4 | Found Raxtorgh's Book Shop.
 71756 | Depths:4 | Found Sekogoo's Book Shop.
 71880 | Depths:4 | Found a gate to the Realm of Zot.
 72009 | Depths:4 | Noticed a golden dragon
 72012 | Depths:4 | Killed a golden dragon
 72461 | Elf:3    | Entered Level 3 of the Elven Halls
 72818 | Elf:3    | Reached XP level 23. HP: 198/198 MP: 38/38
 73822 | Elf:3    | Identified the amulet of Yppoudd {Acrobat rF+ rC+ Will+++}
 74337 | Elf:3    | Identified the amulet of Butchery {Reflect rPois SH+5}
 74536 | Elf:3    | Identified the ring "Ceheim" {rElec Int-4 Slay+4 SInv}
 75407 | Elf:3    | Learned a level 5 spell: Summon Mana Viper
 75418 | Elf:3    | Identified the staff of the Witching Gods {Str+2 Conj
                  | Necro}
 75487 | Elf:3    | Got the Cyclopedia of the Alembic and Topology
 75512 | Elf:3    | Got the Directory of Gritty Rime
 75568 | Elf:3    | Reached skill level 5 in Armour
 75848 | Vaults:1 | Bought a scroll of acquirement for 1040 gold pieces
 75848 | Vaults:1 | Acquired 1127 gold pieces
 76146 | D:4      | Bought a transparent scale mail for 243 gold pieces
 76146 | D:4      | Identified the +1 scale mail "Kotsydei" {Str+3} (You bought
                  | it in a shop on level 4 of the Dungeon)
 76470 | Vaults:3 | Bought a potion of heal wounds for 60 gold pieces
 76470 | Vaults:3 | Bought a potion of resistance for 120 gold pieces
 76631 | Vaults:2 | Bought a scroll of revelation for 277 gold pieces
 76631 | Vaults:2 | Bought a scroll of teleportation for 111 gold pieces
 76631 | Vaults:2 | Bought a scroll of revelation for 277 gold pieces
 76813 | Depths:3 | Voluntarily entered the Abyss.
 76915 | Abyss:1  | Reached skill level 1 in Throwing
 77108 | Abyss:2  | Found a corrupted altar of Lugonu.
 77126 | Abyss:2  | Found a corrupted altar of Lugonu.
 77133 | Abyss:2  | Found a corrupted altar of Lugonu.
 77133 | Abyss:2  | Found a corrupted altar of Lugonu.
 77219 | Abyss:2  | Reached skill level 22 in Hexes
 77230 | Abyss:3  | Found a corrupted altar of Lugonu.
 77338 | Abyss:3  | Found a corrupted altar of Lugonu.
 77386 | Abyss:3  | Found a corrupted altar of Lugonu.
 77503 | Abyss:3  | Lost strength.
 77527 | Abyss:3  | HP: 5/159 [Executioner (14)]
 77528 | Abyss:3  | Slain by an Executioner

Illustrated notes

Levels and vault maps discovered:
D:1:      dpeg_arrival_boxes_within_box, layout_loops_cross
D:2:      layout_basic, dreamdust_ecumenical_altar_sealed_demon
D:3:      layout_rooms, serial_bayou, serial_bayou_lagoon_b,
          serial_bayou_lake_a, serial_bayou_pond_b, serial_bayou_ford_a,
          grunt_ministairs_5, roderic_batcave, uniq_jessica, uniq_terence,
          uniq_sigmund
D:4:      layout_basic, demons_altar, kennysheep_slug_shrine, serial_shops,
          shop, shop, skrybe_limestone_x, uniq_pikel, uniq_menkaure,
          uniq_grinder
D:5:      layout_loops_corners, cheibrodos_sewer_entry_bend, st_stairs_8,
          uniq_prince_ribbit1, uniq_eustachio, uniq_edmund
D:6:      layout_gridville, nicolae_overflow_crystal_walls, temple_doors_cd,
          ebering_ghost_gozag
D:7:      layout_basic, gammafunk_temple_overflow_pools, tso_metal_star,
          nicolae_figureground_pulse
D:8:      layout_layer_cave, mainiacjoe_overflow_six_doors_small,
          mainiacjoe_overflow_cross_hatched, mainiacjoe_overflow_divided_tiny,
          uniq_joseph, uniq_grum
D:9:      layout_roguey, david_lair_generic
D:10:     layout_rooms, old_standard_altar, serial_rivers,
          chequers_serial_rivers_small_b, chequers_serial_rivers_micro_b,
          chequers_serial_rivers_large_a, chequers_serial_rivers_micro_c,
          chequers_serial_rivers_micro_a, chequers_serial_rivers_micro_a
D:11:     layout_loops_ring, hiddenorc1_lemuel, serial_shops, kennysheep_mini,
          serial_co_window_serial, co_window_corner_a,
          co_window_of_opportunity_a, co_window_corner_a,
          co_window_of_opportunity_a, co_window_corner_a, co_window_corner_a,
          co_window_of_opportunity_a, co_window_corner_b, co_window_broadway_c,
          co_window_2corner, co_window_paths_d, co_window_sun, glass_columns_b,
          glass_columns_b, uniq_nergalle
D:12:     layout_basic, ebering_ghost_rock_garden, minmay_misc_feat_iff
D:13:     layout_small_grid, nzn_ghost_randoct, disabler_island
D:14:     minmay_heptahexagon, layout_cave_pools, hellmonk_vaults_keyhole,
          dreamdust_princess_corridor, chequers_arboretum, uniq_snorg
D:15:     gammafunk_enter_depths_forms, layout_irregular_city, abandoned_shop,
          gammafunk_ghost_crypt
Temple:   bh_familiar_temple
Lair:1:   layout_small_grid, infiniplex_staircase_pool, serial_bayou_shore_b
Lair:2:   layout_concentric_octagons, skrybe_swamp_entry_bodies,
          grunt_megastairs_3
Lair:3:   layout_cave_pods, spider_nest_entry_webs, dreamdust_gnoll_shepherd
Lair:4:   layout_gridlike
Lair:5:   gammafunk_lair_ancient_temple, layout_misc_corridors,
          minmay_slime_entry_oklob_open
Swamp:1:  gammafunk_worm_tunnel, layout_basic_swamp,
          portal_ice_cave_entry_ice_statue_one, nicolae_swamp_little_swirl,
          swamp_pool_1_2, nicolae_swamp_long_stream
Swamp:2:  layout_basic_swamp, evilmike_swamp_ruin_house_6,
          nicolae_swamp_stair_fork, swamp_pool_4,
          nicolae_swamp_decorative_isthmus, nicolae_swamp_tree_isthmus,
          uniq_donald
Swamp:3:  layout_basic_swamp, infiniplex_staircase_pool_2
Swamp:4:  swamp_icy, layout_basic_swamp, swamp_pool_1_2, nicolae_swamp_treefoil
Spider:1: layout_spider_delve, ebering_ghost_reflecting_pool, uniq_louise
Spider:2: nicolae_spider_hilbert_zone_7 [nicolae_spider_hilbert_4_sides_1_open,
          nicolae_spider_hilbert_4_sides_1_open,
          nicolae_spider_hilbert_4_sides_1_open,
          nicolae_spider_hilbert_4_sides_1_open,
          nicolae_spider_hilbert_3_sides_1_open,
          nicolae_spider_hilbert_3_sides_1_open,
          nicolae_spider_hilbert_3_sides_1_open,
          nicolae_spider_hilbert_3_sides_1_open,
          nicolae_spider_hilbert_4_sides_1_open,
          nicolae_spider_hilbert_4_sides_1_open,
          nicolae_spider_hilbert_4_sides_1_open,
          nicolae_spider_hilbert_2_sides_1_open,
          nicolae_spider_hilbert_2_sides_1_open,
          nicolae_spider_hilbert_2_sides_1_open,
          nicolae_spider_hilbert_2_sides_1_open,
          nicolae_spider_hilbert_2_sides_1_open,
          nicolae_spider_hilbert_2_sides_1_open], hellmonk_test_site
Spider:3: layout_spider_delve, uniq_asterion
Spider:4: grunt_spider_rune_parallel, nicolae_spider_nook, uniq_nikola
Orc:1:    layout_caves, serial_shops, shop, basic_altar,
          nicolae_orc_takin'_care_of_business
Orc:2:    st_orc_pillars, layout_diamond_mine, gauntlet_entry_generic,
          okawaru_metal_pillars_3
Elf:1:    layout_loops_cross, guppyfry_elf_altar,
          serial_library_regret_index_boxing, ebering_dispersal_statue_hall
Elf:2:    nicolae_elf_blades_splatter_lattice [nicolae_blade_lattice],
          layout_loops_ring, dk_noncrumbling_2, minmay_misc_feat_diagonals,
          uniq_agnes
Elf:3:    minmay_elf_hall_quartered_circle, layout_loops_ring
Vaults:1: ontoclasm_vaults_twist, nicolae_vaults_storing_the_good_stuff,
          nicolae_vaults_trapezoid_3, nicolae_vaults_triangles,
          nicolae_vaults_heist, v_misc_12, v_misc_31,
          nicolae_vaults_sesquioval_fish, v_misc_9, layout_vaults_ring,
          serial_shops, bzr_firewalk, nicolae_shop_pleasant_corner_grove, shop,
          nicolae_shop_back_alley_shop, shop
Vaults:2: nicolae_vaults_storage_room_water, nicolae_vaults_disjoint_gnomons,
          dpeg_vaults_monster_box, hangedman_vaults_maws,
          ontoclasm_vaults_hangar, grunt_vaults_swirl,
          ontoclasm_vaults_loading_screen, grunt_vaults_funnel,
          nicolae_vaults_security_offices_2, nicolae_vaults_trapezoid_4,
          ontoclasm_vaults_pinch, nicolae_vaults_trapezoid_lopsided_3,
          nicolae_vaults_offset_grid_hallway_1, nicolae_vaults_trapezoid_2,
          layout_vaults_maze_snakey, serial_shops, nicolae_shop_back_alley_shop
Vaults:3: vaults_room_pool, v_pattern_5, ontoclasm_vaults_gateway,
          vaults_room_hallway, nicolae_vaults_ring_of_whatevers,
          nicolae_vaults_more_shelving_1,
          nicolae_vaults_windows_and_doors_thing, ontoclasm_vaults_fault,
          hangedman_vaults_slice, grunt_vaults_hallway_short,
          serial_library_hellmonk_semicircle, nicolae_vaults_tetromino_T_2,
          nicolae_vaults_mini_display_case, layout_vaults_omnigrid,
          serial_shops, nicolae_shop_industrial_runoff, uniq_frederick
Vaults:4: nicolae_vaults_closet_pinwheel_4, nicolae_vaults_closet_pinwheel_5,
          vaults_mumra_chevron, v_alt_pattern_6, nicolae_vaults_swerve,
          vaults_room_corners, v_misc_33, vaults_room_semicircle,
          ontoclasm_vaults_shuriken, nicolae_vaults_cochlea, v_misc_9,
          v_misc_23, nicolae_vaults_angled_halls, layout_vaults_omnicross
Depths:1: layout_basic, enter_ziggurat_e, hell_entry,
          nemelex_spade_bored_becter, roadster_trireme
Depths:2: minmay_broken_ring, layout_honeycomb, gammafunk_ghost_tricky_traps,
          rand_demon_pan_entry_3, hell_entry, nicolae_uskayaw_suspiria,
          minmay_shop_star
Depths:3: minmay_the_grid_3x2 [minmay_the_grid_fan, minmay_the_grid_doors,
          minmay_the_grid_empty, minmay_the_grid_artifice, minmay_the_grid_mess,
          minmay_the_grid_prize_big_room], layout_cave_pools,
          serial_column_ruins, column_ruins_portal_astroid,
          column_ruins_open_tiny, column_ruins_corridor_straight,
          column_ruins_open_medium_water, column_ruins_columns_straight,
          hangedman_abyss_entry_splay, grunt_mini_vestibule, basic_altar,
          minmay_staircase_statues
Depths:4: evilmike_zot_entry_basic, layout_basic, pf_coc_iceberg,
          serial_sigils_hangedman_confine, nicolae_qazlal_style_of_elements,
          minmay_shop_grove, uniq_margery, uniq_jory
Abyss:3:  base: D:8, base: Elf:3, evilmike_abyss_exit_vortex, minivault_11,
          hangedman_abyss_or_decor_passed, hangedman_abyss_or_decor_stabs,
          minivault_24, minivault_24, grunt_abyss_rune_forest_and_sorcery,
          skrybe_abyss_rune_heretic_angels, hangedman_abyss_exit_choices

Skill      XL: |  1  2  3  4  5  6  7  8  9 10 11 12 13 14 15 16 17 18 19 20 21 22 23 |
---------------+----------------------------------------------------------------------+-----
Fighting       | 1 2 4 5 6 7 11 12 13 14 16 19 20 | 20.9
Short Blades   | 2 3 5 6 8 10 11 13 14 | 14.0
Hexes          | 5 6 7 8 9 12 14 18 19 20 21 22 | 22.0
Ice Magic      | 1 2 |  2.0
Stealth        | 5 7 8 9 10 12 14 15 16 17 18 20 | 20.0
Dodging        | 3 4 5 7 9 10 11 12 13 15 16 | 16.8
Spellcasting   | 3 4 5 6 7 8 9 10 11 | 11.0
Evocations     | 2 3 4 6 7 8 9 12 13 15 16 | 16.0
Conjurations   | 2 |  2.0
Shields        | 2 3 4 6 7 8 |  8.0
Alchemy        | 2 |  2.0
Armour         | 3 4 5 |  5.3
Long Blades    | 3 6 7 |  7.3
Throwing       | 2 |  2.2

Action                     |  1- 3 |  4- 6 |  7- 9 | 10-12 | 13-15 | 16-18 | 19-21 | 22-24 || total
---------------------------+-------+-------+-------+-------+-------+-------+-------+-------++-------
  Melee: Dagger            |    83 |   105 |   249 |   454 |   937 |  1338 |  1248 |   768 ||  5182
         Bite              |     4 |     6 |    27 |    62 |   168 |   229 |   280 |   186 ||   962
         Unarmed           |       |       |       |     1 |       |     1 |       |       ||     2
         Scimitar          |       |       |       |       |       |    35 |       |       ||    35
         Cutlass           |       |       |       |       |       |       |   298 |   159 ||   457
  Throw: Stone             |       |       |     4 |       |       |       |       |       ||     4
         Boomerang         |       |       |       |       |       |     7 |     3 |     4 ||    14
   Cast: Ensorcelled Hiber |     7 |    19 |    53 |   146 |   175 |   305 |   340 |    42 ||  1087
         Confusing Touch   |       |     1 |    16 |    11 |    44 |   128 |    87 |    11 ||   298
         Dazzling Flash    |       |       |       |    22 |    79 |    88 |   112 |     1 ||   302
         Tukima's Dance    |       |       |       |       |    25 |     8 |    39 |    17 ||    89
         Silence           |       |       |       |       |       |     2 |     4 |     4 ||    10
         Enfeeble          |       |       |       |       |       |     1 |    10 |   170 ||   181
         Discord           |       |       |       |       |       |       |       |     1 ||     1
Ability: Lunge             |       |       |       |    42 |    86 |   227 |   185 |    96 ||   636
         Whirlwind         |       |       |       |    19 |    72 |    72 |    61 |    52 ||   276
  Evoke: Wand              |       |       |     1 |     1 |     5 |    10 |     4 |     1 ||    22
         Condenser vane    |       |       |       |       |     1 |     4 |     3 |     2 ||    10
         Phantom mirror    |       |       |       |       |     1 |     3 |     4 |     1 ||     9
         Lightning rod     |       |       |       |       |       |    13 |     8 |     1 ||    22
         Sack of spiders   |       |       |       |       |       |     2 |     4 |     2 ||     8
         Phial of floods   |       |       |       |       |       |     2 |     2 |     1 ||     5
    Use: Scroll            |     5 |     4 |    10 |    10 |     6 |    15 |    24 |     4 ||    78
         Potion            |       |     2 |     1 |     3 |     3 |     2 |     5 |     4 ||    20
   Stab: Sleeping          |    13 |    14 |    45 |   104 |   127 |   297 |   266 |    36 ||   902
         Distracted        |     1 |     1 |       |     1 |     5 |     3 |     4 |     8 ||    23
         Confused          |       |     1 |    13 |    14 |    36 |   110 |    72 |     7 ||   253
         Petrified         |       |       |     2 |       |       |       |       |       ||     2
         Held in net/web   |       |       |     2 |       |       |       |     1 |       ||     3
         Invisible         |       |       |     3 |    16 |    64 |    49 |    74 |   125 ||   331
         Fleeing           |       |       |       |       |       |     1 |       |       ||     1
 Armour: Robe              |    35 |    68 |     3 |       |       |       |       |       ||   106
         Leather armour    |       |       |   133 |   199 |   441 |   524 |   523 |   304 ||  2124
  Dodge: Dodged            |    45 |   108 |   134 |   173 |   495 |   737 |   727 |   443 ||  2862
  Block: Buckler           |     3 |    27 |    64 |   207 |   637 |   641 |   644 |   259 ||  2482
         Reflection        |       |       |       |     2 |    28 |    13 |    69 |     4 ||   116

Table legend: (Time is in decaauts)
 A = Elapsed time spent in this place.
 B = Non-inter-level travel time spent in this place.
 C = Inter-level travel time spent in this place.
 D = Time resting spent in this place.
 E = Time spent auto-exploring this place.
 F = Levels seen in this place.
 G = Mean time per level.
                   A        B        C        D        E       F      G
               +--------+--------+--------+--------+--------+-----+--------+
         Total |  76249 |  66877 |   9372 |  18915 |  31351 |  49 | 1556.1 |
       Dungeon |  21952 |  18144 |   3808 |   1948 |  12599 |  15 | 1463.5 |
        Temple |      2 |      2 |      0 |      0 |      0 |   1 |    2.0 |
          Lair |   9549 |   8223 |   1326 |   1920 |   4556 |   5 | 1909.8 |
         Swamp |   3978 |   3539 |    439 |    834 |   1868 |   4 |  994.5 |
   Spider Nest |   7279 |   6502 |    777 |   2966 |   1885 |   4 | 1819.8 |
  Orcish Mines |   3070 |   2426 |    644 |    585 |   1117 |   2 | 1535.0 |
   Elven Halls |   7495 |   7072 |    423 |   3598 |   1912 |   3 | 2498.3 |
        Vaults |   9125 |   7933 |   1192 |   1938 |   3684 |   4 | 2281.2 |
        Depths |   9990 |   9229 |    761 |   3843 |   3054 |   4 | 2497.5 |
         Abyss |    659 |    659 |      0 |     29 |      0 |   3 |  219.7 |
        Bazaar |    464 |    464 |      0 |      0 |    169 |   1 |  464.0 |
         Sewer |    180 |    180 |      0 |      0 |     90 |   1 |  180.0 |
      Ice Cave |   1527 |   1527 |      0 |    869 |    120 |   1 | 1527.0 |
      Gauntlet |    974 |    974 |      0 |    383 |    296 |   1 |  974.0 |
               +--------+--------+--------+--------+--------+-----+--------+

Top non-repeatable levels by time:
Depths:3: 3567 daAuts
   Elf:1: 3090 daAuts
Spider:4: 3058 daAuts
Depths:2: 2953 daAuts
    D:14: 2852 daAuts
Vaults:1: 2793 daAuts
  Lair:4: 2548 daAuts
   Orc:2: 2283 daAuts
Vaults:2: 2272 daAuts
Vaults:3: 2271 daAuts
   Elf:3: 2250 daAuts
Spider:2: 2193 daAuts
   Elf:2: 2155 daAuts
     D:4: 2049 daAuts
    D:11: 1980 daAuts
